 Dungeon Crawl Stone Soup version 0.25-a0-178-gc9f82b1288 (webtiles) character file.

Game seed: 12881952533072224210, levelgen mode: deterministic

43225 vurker the Eclecticist (level 13, -2/76 HPs)
             Began as a Deep Elf Wizard on Nov 26, 2019.
             Was a High Priest of Sif Muna.
             Slain by an orc warlord
             ... wielding a +3 war axe of flaming
              (3 damage)
             ... on level 1 of the Orcish Mines.
             The game lasted 01:03:49 (31549 turns).

vurker the Eclecticist (Deep Elf Wizard)           Turns: 31549, Time: 01:03:49

Health: -2/76      AC: 15    Str:  7    XL:     13   Next: 89%
Magic:  2/35       EV: 12    Int: 34    God:    Sif Muna [*****.]
Gold:   1407       SH:  0    Dex: 11    Spells: 25/44 levels left

rFire    . . .     SeeInvis .   a - staff of cold
rCold    + + .     Gourm    .   (no shield)
rNeg     . . .     Faith    .   C - +4 robe of the World {rPois Int+5 Dex-2 Slay+5}
rPois    +         Spirit   .   o - +2 hat
rElec    .         Reflect  .   j - +2 cloak
rCorr    .         Harm     .   s - +1 pair of gloves {Str+3}
MR       ++...                  p - +1 pair of boots
Stlth    ++........             (no amulet)
HPRegen  0.22/turn              H - ring "Plog" {rPois rF+ MR+}
MPRegen  0.24/turn              b - ring of ice

@: about to teleport, very slightly contaminated
A: no striking features
a: Channel Magic, Forget Spell, Divine Exegesis, Renounce Religion


You were on level 1 of the Orcish Mines.
You worshipped Sif Muna.
Sif Muna was extremely pleased with you.
You were not hungry.

You visited 4 branches of the dungeon, and saw 19 of its levels.

You collected 1407 gold pieces.

Inventory:

Missiles
 M - a throwing net (quivered)
Armour
 j - a +2 cloak (worn)
   (You found it on level 2 of the Dungeon)
 o - a +2 hat (worn)
   (You found it on level 6 of the Lair of Beasts)
 p - a +1 pair of boots (worn)
   (You found it on level 3 of the Dungeon)
 s - a +1 pair of gloves of strength (worn)
   (You found it on level 4 of the Dungeon)
 C - the +4 robe of the World (worn) {rPois Int+5 Dex-2 Slay+5}
   (You found it on level 3 of the Lair of Beasts)

   It affects your intelligence (+5).
   It affects your dexterity (-2).
   It affects your accuracy and damage with ranged weapons and melee attacks
   (+5).
   It protects you from poison.
 F - a +2 leather armour of magic resistance
   (You took it off an orc on level 5 of the Dungeon)
 G - a +1 robe of cold resistance
   (You took it off Fannar on level 3 of the Lair of Beasts)
Magical Staves
 a - an uncursed staff of cold (weapon)
   (You took it off Fannar on level 3 of the Lair of Beasts)
Jewellery
 b - a ring of ice (right hand)
   (You found it on level 2 of the Dungeon)
 H - the ring "Plog" (left hand) {rPois rF+ MR+}
   (You found it on level 10 of the Dungeon)

   [ring of poison resistance]

   It protects you from fire.
   It protects you from poison.
   It affects your resistance to hostile enchantments.
 J - an uncursed ring of protection from fire
   (You found it on level 1 of the Lair of Beasts)
 L - an uncursed ring of see invisible
   (You found it on level 1 of the Lair of Beasts)
Wands
 c - a wand of disintegration (31)
   (You found it on level 4 of the Lair of Beasts)
 d - a wand of iceblast (16)
   (You found it on level 3 of the Dungeon)
 t - a wand of flame (71)
   (You took it off a centaur on level 10 of the Dungeon)
 u - a wand of paralysis (7)
   (You found it on level 4 of the Lair of Beasts)
 v - a wand of digging (7)
   (You found it on level 6 of the Lair of Beasts)
 z - a wand of polymorph (9)
   (You took it off Blork the orc on level 6 of the Dungeon)
 O - a wand of enslavement (17)
   (You found it on level 5 of the Dungeon)
Scrolls
 g - 8 scrolls of teleportation
 i - 10 scrolls of remove curse
 m - 4 scrolls of fear
 n - 6 scrolls of fog
 r - 3 scrolls of amnesia {unknown}
 w - a scroll of enchant armour {unknown}
 y - 3 scrolls of vulnerability {unknown}
 B - 2 scrolls of noise {unknown}
 E - a scroll of blinking {unknown}
 N - 3 scrolls of random uselessness {unknown}
 Q - a scroll of summoning {unknown}
Potions
 f - 2 potions of haste
 h - 3 potions of lignification
 k - 2 potions of flight
 l - 2 potions of invisibility
 q - a potion of cancellation
 x - 7 potions of heal wounds
 A - a potion of resistance
 D - a potion of brilliance
 I - 2 potions of mutation
 K - 2 potions of curing
 P - 4 potions of magic
Comestibles
 e - 16 rations
 R - 6 chunks of flesh


   Skills:
 + Level 7.4 Fighting
 - Level 2.4 Dodging
 - Level 2.4 Stealth
 * Level 16.0 Spellcasting
 * Level 13.4 Conjurations
 - Level 8.0 Summonings
 - Level 1.1 Translocations
 * Level 9.4 Ice Magic
 - Level 5.0 Air Magic
 - Level 8.0 Invocations


You had 25 spell levels left.
You knew the following spells:

 Your Spells              Type           Power        Failure   Level  Hunger
a - Throw Icicle          Conj/Ice       ########     1%          4    None
b - Call Imp              Summ           ######..     1%          2    None
c - Summon Lightning Spi  Summ/Air       ######..     1%          4    None
d - Magic Dart            Conj           ####         0%          1    None
w - Blink                 Tloc           N/A          1%          2    None
z - Freezing Cloud        Conj/Ice/Air   ########..   4%          6    #......

Your spell library contained the following spells:

 Spells                   Type           Power        Failure   Level  Hunger
 Beastly Appendage        Tmut           ####..       1%          1    None
 Corona                   Hex            ####...      1%          1    None
 Flame Tongue             Conj/Fire      #####        1%          1    None
 Freeze                   Ice            ####         1%          1    None
 Infusion                 Chrm           ####         1%          1    None
 Summon Small Mammal      Summ           ####         1%          1    None
 Ensorcelled Hibernation  Hex/Ice        ######       1%          2    None
 Poisonous Vapours        Pois/Air       #####.       1%          2    None
 Shroud of Golubria       Chrm/Tloc      ####..       1%          2    None
 Throw Flame              Conj/Fire      ######       1%          2    None
 Throw Frost              Conj/Ice       ######       1%          2    None
 Call Canine Familiar     Summ           ######..     1%          3    None
 Conjure Flame            Conj/Fire      ######..     1%          3    None
 Dazzling Spray           Conj/Hex       ######       1%          3    None
 Mephitic Cloud           Conj/Pois/Air  ######..     1%          3    None
 Ozocubu's Armour         Chrm/Ice       #######.     1%          3    None
 Summon Guardian Golem    Hex/Summ       ######..     1%          3    None
 Fulminant Prism          Conj/Hex       ######....   1%          4    None
 Ice Form                 Ice/Tmut       #######.     1%          4    None
 Iskenderun's Mystic Bla  Conj           #######.     1%          4    None
 Sticky Flame             Conj/Fire      ######..     1%          4    None
 Summon Ice Beast         Ice/Summ       ########     1%          4    None
 Slow                     Hex            ####....     2%          2    None
 Song of Slaying          Chrm           ####....     2%          2    None
 Sticks to Snakes         Tmut           ####....     2%          2    None
 Fireball                 Conj/Fire      ######....   2%          5    None
 Confuse                  Hex            ####....     4%          3    None
 Ignite Poison            Fire/Tmut/Pois ####....     4%          3    None
 Regeneration             Chrm/Necr      ####......   4%          3    None
 Spectral Weapon          Hex/Chrm       ####....     4%          3    None
 Spider Form              Tmut/Pois      ####......   4%          3    None
 Tukima's Dance           Hex            ####....     4%          3    None
 Petrify                  Tmut/Erth      ####....     14%         4    None
 Poison Arrow             Conj/Pois      ######....   14%         6    #......
 Alistair's Intoxication  Tmut/Pois      ####....     36%         5    None
 Blade Hands              Tmut           ####......   36%         5    None
 Yara's Violent Unravell  Hex/Tmut       ####......   36%         5    None
 Hydra Form               Tmut           ####......   91%         6    #......
 Statue Form              Tmut/Erth      ####.....    91%         6    #......
 Ring of Flames           Chrm/Fire      ####......   100%        7    ####...
 Fire Storm               Conj/Fire      ######....   100%        9    #######


Dungeon Overview and Level Annotations

Branches:
Dungeon (11/15)            Temple (1/1) D:5            Lair (6/6) D:10
 Shoals (0/4) Lair:3       Spider (0/4) Lair:3        Slime (0/5) Lair:6
    Orc (1/2) D:9

Altars:
Ashenzari
Cheibriados
Dithmenos
Elyvilon
Fedhas
Gozag
Hepliaklqana
Kikubaaqudgha
Makhleb
Nemelex Xobeh
Okawaru
Qazlal
Ru
Sif Muna
Trog
Uskayaw
Vehumet
Wu Jian
Xom
Yredelemnul
Zin
The Shining One
Jiyva

Portals:
Trove: D:10 (show abyssal rune of Zot)

Annotations:
D:7 2 transporters, 1 runed translucent door, Crazy Yiuf; utis's ghost, novice TeWr


Message History

Aim: an orc high priest, wielding a +0 battleaxe and wearing a +0 scale mail (lightly wounded, unusually strong)
You feel a strong surge of power!
The shard of ice hits the orc high priest!!
The orc warlord is engulfed in freezing vapours.
The orc high priest invokes the aid of Beogh against you.
Pain shoots through your body!
Aim: an orc high priest, wielding a +0 battleaxe and wearing a +0 scale mail (heavily wounded, unusually strong)
You feel a strong surge of power!
The shard of ice hits the orc high priest!!
The orc high priest utters an invocation to Beogh.
The orc high priest is healed somewhat.
You feel a strong surge of power!
You miscast Freezing Cloud.
You are very lightly contaminated with residual magic.
Your hair stands on end.
You feel a strong surge of power!
The orc warlord is engulfed in freezing vapours.
The orc high priest utters an invocation to Beogh.
The orc high priest is healed somewhat.
The orc high priest calls upon Beogh to heal the orc warlord.
The orc warlord is healed somewhat.
Aim: an orc high priest, wielding a +0 battleaxe and wearing a +0 scale mail (heavily wounded, unusually strong)
You feel a strong surge of power! That beam is likely to hit you.
Continue anyway?
You are engulfed in freezing vapours.
You resist.
The orc warlord is engulfed in freezing vapours.
The orc warlord hits you with a +3 war axe of flaming!
The orc warlord burns you.
The orc high priest is engulfed in freezing vapours.
The orc warlord is engulfed in freezing vapours.
The orc high priest is engulfed in freezing vapours.
Aim: an orc high priest, wielding a +0 battleaxe and wearing a +0 scale mail (almost dead, unusually strong)
You feel a strong surge of power!
The shard of ice hits the orc high priest!!
You kill the orc high priest!
Sif Muna accepts your kill.
The orc warlord is engulfed in freezing vapours.
The orc warlord hits you with a +3 war axe of flaming!!
* * * LOW HITPOINT WARNING * * *
The orc warlord burns you.
* * * LOW HITPOINT WARNING * * *
You don't have enough magic to cast that spell.
The orc warlord is engulfed in freezing vapours.
You see here a +0 giant club.
Okay, then.
As you read the scroll of teleportation, it crumbles to dust.
You feel strangely unstable.
The orc warlord hits you with a +3 war axe of flaming!!
* * * LOW HITPOINT WARNING * * *
The orc warlord burns you.
You die...

##. #.....^.....##
..#... #§§[.....$..#
#...... #§§§........
.......####§).....##
........##).[.....#
......[..#...[.#.......
...).[)....))###......
.#.[$[o)[.[..# ......
#.#..@....).# #....
##..)..[..## ....
##..........###.....
.#.#....[[..[..........
....$..[<)).[.......#
.$.....÷.#...........
......####.#......#..
...... ##.......# #
##.... ........#


You could see an orc warlord.

Vanquished Creatures
  An entropy weaver (Lair:5)
  A dire elephant (Lair:6)
  Josephine (Lair:6)
  3 hydras
  2 catoblepae (Lair:6)
  A death yak (Lair:6)
  An orc high priest (Orc:1)
  A queen ant (Lair:5)
  Urug (Lair:4)
  2 orc knights (Orc:1)
  2 lindwurms (Lair:3)
  2 orc sorcerers (Orc:1)
  7 elephants
  2 deep elf magi (Orc:1)
  A moth of wrath (Lair:4)
  2 manticores (Lair:6)
  Maurice (Orc:1)
  A black mamba (Lair:6)
  A gargoyle (D:11)
  4 spiny frogs
  A komodo dragon (Lair:3)
  3 trolls
  2 polar bears
  4 blink frogs
  2 merfolk (Lair:3)
  4 dream sheep (Lair:6)
  2 hippogriffs
  3 wraiths (Lair:6)
  14 yaks
  A wyvern (Lair:6)
  A basilisk (Lair:6)
  6 wargs (Orc:1)
  7 water moccasins
  A swamp worm (Lair:4)
  11 soldier ants (Lair:5)
  2 porcupines (Lair:2)
  9 orc warriors (Orc:1)
  2 sky beasts (D:8)
  2 ice beasts
  2 phantoms
  5 ogres
  6 wolves
  2 centaurs (D:7)
  7 crocodiles
  Blork the orc (D:6)
  8 bullfrogs
  A wyvern zombie (D:6)
  4 scorpions
  2 killer bees (D:8)
  11 wights
  A howler monkey (D:10)
  4 crimson imps
  A bullfrog zombie (D:11)
  A quasit (D:10)
  A centaur zombie (D:5)
  4 hounds
  2 jellies
  9 orc wizards
  5 orc priests
  A centaur skeleton (D:11)
  Jessica (D:6)
  13 worker ants
  7 iguanas
  2 hound skeletons
  Robin (D:3)
  3 gnolls
  2 worker ant zombies
  12 adders
  2 shadow imps
  2 oozes
  An adder zombie (D:8)
  2 adder skeletons (D:8)
  4 worms
  A dart slug (D:1)
  3 leopard geckos
  29 orcs
  4 ball pythons
  8 giant cockroaches
  12 goblins
  11 hobgoblins
  7 jackals
  A quokka (D:6)
  A ball python zombie (D:6)
  5 bats
  5 frilled lizards
  2 jackal skeletons
  10 kobolds
  A leopard gecko skeleton (D:6)
  2 quokka skeletons
  9 rats
  2 fungi (Lair:6)
  A plant (Lair:6)
358 creatures vanquished.

Vanquished Creatures (collateral kills)
  An entropy weaver (Lair:5)
  A dire elephant (Lair:6)
  Fannar (Lair:3)
  2 hydras
  2 death yaks (Lair:6)
  2 lindwurms (Lair:3)
  An elephant (Lair:4)
  A cyclops (D:11)
  3 black mambas
  2 merfolk sirens (Lair:3)
  6 spiny frogs
  A rime drake (Lair:6)
  A kobold demonologist (D:10)
  3 komodo dragons
  A guardian mummy (D:10)
  2 trolls
  8 blink frogs
  A meliai zombie (D:10)
  2 hippogriffs
  3 dream sheep (Lair:6)
  A wyvern (Lair:3)
  A wraith (Lair:6)
  18 yaks
  4 soldier ants (Lair:5)
  A swamp worm (Lair:4)
  4 water moccasins
  7 porcupines
  5 orc warriors
  3 ogres
  8 ice beasts
  A necrophage (D:5)
  2 centaurs (D:10)
  11 wolves
  3 big kobolds
  9 crocodiles
  A bullfrog (Lair:2)
  A scorpion (D:4)
  A killer bee (D:8)
  2 wights (D:9)
  3 howler monkeys
  A crimson imp (D:11)
  A hound (D:10)
  A bullfrog skeleton (D:10)
  2 orc wizards
  A gnoll shaman (D:7)
  13 worker ants
  2 gnolls (D:7)
  A howler monkey skeleton (D:10)
  An adder (D:9)
  A leopard gecko (D:8)
  11 orcs
  4 goblins (D:3)
  4 hobgoblins (D:3)
  15 kobolds
  A plant (Lair:4)
189 creatures vanquished.

Vanquished Creatures (others)
  A wizard (D:5)
  An orc (D:6)
  16 fungi
  20 plants
38 creatures vanquished.

Grand Total: 585 creatures vanquished

Notes
Turn   | Place    | Note
-------+----------+-------------------------------------------
     0 | D:1      | vurker the Deep Elf Wizard began the quest for the Orb.
     0 | D:1      | Reached XP level 1. HP: 10/10 MP: 7/7
   260 | D:1      | Reached XP level 2. HP: 15/15 MP: 7/9
   520 | D:1      | Reached skill level 5 in Spellcasting
   589 | D:1      | Reached XP level 3. HP: 19/20 MP: 6/11
   658 | D:1      | Learned a level 2 spell: Call Imp
   661 | D:1      | Learned a level 2 spell: Blink
  1362 | D:2      | Reached skill level 1 in Fighting
  1453 | D:2      | Found a shattered altar of Ashenzari.
  1740 | D:2      | Found a white marble altar of Elyvilon.
  1897 | D:2      | Reached XP level 4. HP: 25/25 MP: 11/13
  3124 | D:3      | Reached skill level 6 in Spellcasting
  3124 | D:3      | Reached XP level 5. HP: 29/29 MP: 11/15
  3181 | D:3      | Noticed Robin
  3189 | D:3      | Killed Robin
  4291 | D:4      | Found a sacrificial altar of Ru.
  4665 | D:5      | Entered Level 5 of the Dungeon
  4701 | D:5      | Reached XP level 6. HP: 35/35 MP: 6/17
  5125 | D:5      | Reached skill level 7 in Spellcasting
  5388 | D:5      | Found a bloodstained altar of Trog.
  5390 | D:5      | Noticed a wizard
  5395 | D:5      | Killed a wizard
  5618 | D:5      | Reached skill level 5 in Conjurations
  5666 | D:5      | Found a staircase to the Ecumenical Temple.
  5673 | Temple   | Entered the Ecumenical Temple
  5907 | D:5      | Reached XP level 7. HP: 31/40 MP: 1/20
  6088 | D:5      | Reached skill level 8 in Spellcasting
  6891 | D:6      | Noticed Blork the orc
  6983 | D:6      | Killed Blork the orc
  7329 | D:6      | Found a sparkling altar of Nemelex Xobeh.
  7473 | D:6      | Reached XP level 8. HP: 44/46 MP: 2/22
  7530 | D:6      | Reached skill level 9 in Spellcasting
  7705 | D:6      | Noticed Jessica
  7708 | D:6      | Killed Jessica
  7727 | D:6      | Found a shimmering blue altar of Sif Muna.
  7760 | D:6      | Became a worshipper of Sif Muna the Loreminder
  8478 | D:7      | Noticed a hippogriff
  8496 | D:6      | Killed a hippogriff
  8496 | D:6      | Reached skill level 1 in Invocations
  8796 | D:7      | Noticed a moth of wrath
  8822 | D:7      | Noticed utis's ghost (novice TeWr)
  8825 | D:7      | Found a transporter.
  8827 | D:7      | Found a transporter.
  8828 | D:7      | Found a bloodstained altar of Trog.
  9208 | D:7      | Learned a level 4 spell: Summon Lightning Spire
  9916 | D:7      | Reached skill level 10 in Spellcasting
  9916 | D:7      | Reached skill level 1 in Air Magic
 10233 | D:7      | Found a runed translucent door.
 10234 | D:7      | Noticed Crazy Yiuf
 10714 | D:8      | Reached XP level 9. HP: 26/52 MP: 11/25
 11524 | D:8      | Reached * piety under Sif Muna
 12217 | D:9      | Found a staircase to the Orcish Mines.
 12750 | D:9      | Found an iron altar of Okawaru.
 12760 | D:9      | Got an iridescent falchion
 12761 | D:9      | Identified the +7 falchion "Epovim" {antimagic, rPois rN+
                  | MR+ Int+3} (You found it on level 9 of the Dungeon)
 13584 | D:10     | Entered Level 10 of the Dungeon
 13772 | D:10     | Reached skill level 11 in Spellcasting
 13775 | D:10     | Reached ** piety under Sif Muna
 13812 | D:10     | Reached XP level 10. HP: 58/58 MP: 6/27
 14087 | D:10     | Found a staircase to the Lair.
 14195 | D:10     | Found a portal to a secret trove of treasure.
 14303 | D:10     | Reached skill level 5 in Summonings
 14881 | D:10     | Got a vibrating copper ring
 14883 | D:10     | Identified the ring "Plog" {rPois rF+ MR+} (You found it on
                  | level 10 of the Dungeon)
 15087 | D:11     | Identified Quzxapyg's Papyrus of Shape Shifting
 15161 | D:11     | Noticed a gargoyle
 15174 | D:11     | Noticed a cyclops
 15339 | D:11     | Killed a cyclops
 15346 | D:11     | Killed a gargoyle
 15702 | D:11     | Reached *** piety under Sif Muna
 16167 | Lair:1   | Entered Level 1 of the Lair of Beasts
 16181 | Lair:1   | Reached skill level 5 in Air Magic
 16185 | Lair:1   | Noticed a spiny frog
 16196 | Lair:1   | Killed a spiny frog
 16206 | Lair:1   | Noticed a spiny frog
 16215 | Lair:1   | Killed a spiny frog
 16401 | Lair:1   | Noticed a spiny frog
 16419 | Lair:1   | Reached skill level 5 in Fighting
 16422 | Lair:1   | Reached skill level 12 in Spellcasting
 16438 | Lair:1   | Killed a spiny frog
 16625 | Lair:1   | Found a frozen archway.
 16641 | Lair:1   | Noticed a spiny frog
 16645 | Lair:1   | Killed a spiny frog
 17098 | Lair:1   | Reached skill level 5 in Invocations
 17098 | Lair:1   | Reached XP level 11. HP: 31/63 MP: 15/29
 17284 | Lair:1   | Reached skill level 10 in Conjurations
 17885 | Lair:1   | Learned a level 4 spell: Throw Icicle
 18599 | Lair:2   | Reached skill level 1 in Ice Magic
 19330 | Lair:2   | Reached **** piety under Sif Muna
 19551 | Lair:2   | Noticed a five-headed hydra
 19567 | Lair:2   | Killed a five-headed hydra
 20283 | Lair:3   | Reached skill level 13 in Spellcasting
 20658 | Lair:3   | Found a white marble altar of Elyvilon.
 20659 | Lair:3   | Noticed a seven-headed hydra
 20666 | Lair:3   | Killed a seven-headed hydra
 20768 | Lair:3   | Noticed a five-headed hydra
 20926 | Lair:3   | Killed a five-headed hydra
 21000 | Lair:3   | Found a staircase to the Shoals.
 21619 | Lair:3   | Noticed a lindwurm
 21619 | Lair:3   | Noticed a lindwurm
 21628 | Lair:3   | Noticed a lindwurm
 21629 | Lair:3   | Killed a lindwurm
 21648 | Lair:3   | Killed a lindwurm
 21653 | Lair:3   | Killed a lindwurm
 21653 | Lair:3   | Reached XP level 12. HP: 58/69 MP: 5/31
 21808 | Lair:3   | Noticed Fannar
 21825 | Lair:3   | Killed Fannar
 21898 | Lair:3   | Found a hole to the Spider Nest.
 22390 | Lair:3   | Got a fabulously ornate robe
 22418 | Lair:3   | Identified the +4 robe of the World {rPois Int+5 Dex-2
                  | Slay+5} (You found it on level 3 of the Lair of Beasts)
 22487 | Lair:3   | Reached skill level 5 in Ice Magic
 22498 | Lair:3   | Learned a level 6 spell: Freezing Cloud
 22867 | Lair:4   | Noticed Urug
 23260 | Lair:4   | Reached skill level 14 in Spellcasting
 23643 | Lair:4   | Killed Urug
 24550 | Lair:5   | Got a crude broad axe
 24551 | Lair:5   | Identified the +7 broad axe "Gaxtas" {chop, rC+ Str+2} (You
                  | found it on level 5 of the Lair of Beasts)
 25249 | Lair:5   | Noticed a queen ant
 25272 | Lair:5   | Killed a queen ant
 25279 | Lair:5   | Noticed an entropy weaver
 25506 | Lair:5   | Reached ***** piety under Sif Muna
 25532 | Lair:5   | Noticed an entropy weaver
 25871 | Lair:5   | Killed an entropy weaver
 27163 | Lair:5   | Killed an entropy weaver
 27422 | Lair:6   | Entered Level 6 of the Lair of Beasts
 27563 | Lair:6   | Noticed a six-headed hydra
 27568 | Lair:6   | Killed a six-headed hydra
 27584 | Lair:6   | Noticed a five-headed hydra
 27597 | Lair:6   | Killed a five-headed hydra
 27597 | Lair:6   | Reached XP level 13. HP: 76/76 MP: 13/33
 28008 | Lair:6   | Noticed Josephine
 28012 | Lair:6   | Identified Neagepumn's Handbook of Shape Shifting and Heat
                  | (Sif Muna gifted it to you on level 6 of the Lair of
                  | Beasts)
 28012 | Lair:6   | Received a gift from Sif Muna
 28017 | Lair:6   | Killed Josephine
 28017 | Lair:6   | Reached skill level 15 in Spellcasting
 28777 | Lair:6   | Found a viscous altar of Jiyva.
 28777 | Lair:6   | Found a staircase to the Slime Pits.
 29008 | Lair:6   | Noticed a dire elephant
 29020 | Lair:6   | Killed a dire elephant
 29356 | Lair:6   | Noticed a dire elephant
 29494 | Lair:6   | Killed a dire elephant
 29886 | Lair:6   | Got an ivory glaive
 29887 | Lair:6   | Identified the +6 glaive of Irheca {flame, rPois rC+} (You
                  | found it on level 6 of the Lair of Beasts)
 30076 | Orc:1    | Entered Level 1 of the Orcish Mines
 30505 | Orc:1    | Noticed Maurice
 30510 | Orc:1    | Killed Maurice
 30974 | Orc:1    | Identified Qeulakul's Reference Book on Battle Magic (Sif
                  | Muna gifted it to you on level 1 of the Orcish Mines)
 30974 | Orc:1    | Received a gift from Sif Muna
 31415 | Orc:1    | Reached skill level 16 in Spellcasting
 31533 | Orc:1    | Identified the +2 chain mail "Nough" {-Cast Str+2 Dex+3}
 31533 | Orc:1    | Noticed an orc warlord
 31549 | Orc:1    | HP: 1/76 [orc warlord/+3 war axe of flaming (24)]
 31549 | Orc:1    | Slain by an orc warlord

Levels and vault maps discovered:
D:1:      dpeg_arrival_simpleton_c, layout_loops_cross
D:2:      layout_loops_ring, evilmike_ruin_ashenzari,
          nicolae_overflow_crystal_walls
D:3:      layout_basic, roderic_serpentine_path, uniq_robin
D:4:      layout_loops_ring, lemuel_doored_altar
D:5:      layout_basic, minmay_temple_entry_junction_2, first_ration,
          trog_wizard
D:6:      layout_loops_ring, tgw_sif, old_standard_altar, uniq_blork_the_orc
D:7:      layout_layer_cave, gammafunk_ghost_wrathful_warriors,
          uniq_crazy_yiuf_cottage
D:8:      layout_loops_cross
D:9:      layout_cross, okawaru_ov_weapons_minmay, david_orc_2
D:10:     layout_roguey, minmay_lair_entry_grove,
          nicolae_trove_entry_path_of_doom
D:11:     layout_rooms
Temple:   eino_temple_scatter_basement
Lair:1:   layout_roguey, portal_ice_cave_entry_ice_beasts
Lair:2:   layout_regular_city, hangedman_lair_unloving_vines
Lair:3:   layout_loops_ring, elwin_shoals_entry_stream,
          nicolae_spider_entry_non_spiders, gauntlet_entry_generic, basic_altar,
          minmay_lindwurm_lava, grunt_megastairs_3, uniq_fannar
Lair:4:   layout_regular_city, worms_lemuel, uniq_urug
Lair:5:   layout_regular_city, zaba_antful_of_joy
Lair:6:   hangedman_lair_in_review, layout_long_grid,
          dpeg_slime_entry_enclosed_altar, uniq_josephine
Orc:1:    layout_diamond_mine, serial_shops, nicolae_shop_crystal, elf_legates,
          uniq_maurice

Skill      XL: |  1  2  3  4  5  6  7  8  9 10 11 12 13 |
---------------+----------------------------------------+-----
Conjurations   | 2 3 4 5 6 7 8 9 11 12 13 | 13.4
Spellcasting   | 5 6 7 8 10 11 12 13 14 16 | 16.0
Fighting       | 1 2 3 4 5 6 7 |  7.4
Invocations    | 2 3 5 6 7 8 |  8.0
Air Magic      | 1 4 5 |  5.0
Summonings     | 2 4 6 8 |  8.0
Ice Magic      | 4 7 9 |  9.4
Dodging        | |  2.4
Stealth        | |  2.4
Translocations | |  1.1

Action                   |  1- 3 |  4- 6 |  7- 9 | 10-12 | 13-15 || total
-------------------------+-------+-------+-------+-------+-------++-------
Melee: Dagger            |       |     3 |    16 |    36 |       ||    55
       Staff             |       |       |       |     2 |       ||     2
 Cast: Magic Dart        |    83 |   182 |   445 |   200 |       ||   910
       Call Imp          |       |    11 |    65 |    20 |       ||    96
       Summon Lightning  |       |       |    16 |   134 |    22 ||   172
       Throw Icicle      |       |       |       |   174 |   119 ||   293
       Blink             |       |       |       |     5 |     2 ||     7
       Freezing Cloud    |       |       |       |     3 |    19 ||    22
  Use: Scroll            |     1 |     6 |     4 |     7 |     1 ||    19
       Potion            |       |       |     1 |     1 |       ||     2
  Eat: Chunk             |     3 |     8 |    10 |    29 |     7 ||    57
       Ration            |       |     1 |     4 |     4 |     2 ||    11
Armor: Robe              |     2 |    17 |       |    12 |    13 ||    44
       Leather armour    |       |     4 |   102 |    92 |       ||   198
Dodge: Dodged            |    10 |    22 |   124 |   185 |    29 ||   370

Table legend:
 A = Non-vault XP
 B = Vault XP
 C = Vault XP percentage of total XP
 D = Non-vault monster count
 E = Vault monster count
 F = Vault count percentage of total count
                 A         B        C        D         E       F
            +---------+---------+-------+---------+---------+-------
      Total |   32455 |   29296 |  47.4 |     393 |     151 |  27.8
            +---------+---------+-------+---------+---------+-------
        D:1 |      64 |       0 |   0.0 |      26 |       0 |   0.0
        D:2 |      54 |       0 |   0.0 |      18 |       0 |   0.0
        D:3 |     128 |      34 |  21.0 |      27 |      13 |  32.5
        D:4 |      80 |       0 |   0.0 |       5 |       0 |   0.0
        D:5 |     590 |       0 |   0.0 |      16 |       0 |   0.0
        D:6 |     850 |      94 |  10.0 |      27 |       2 |   6.9
        D:7 |     653 |       0 |   0.0 |      22 |       0 |   0.0
        D:8 |    1085 |       0 |   0.0 |      27 |       0 |   0.0
        D:9 |     953 |     310 |  24.5 |      28 |       8 |  22.2
       D:10 |    1559 |    1171 |  42.9 |      35 |      12 |  25.5
       D:11 |     985 |       0 |   0.0 |      15 |       0 |   0.0
     Lair:1 |    4582 |     566 |  11.0 |      35 |       8 |  18.6
     Lair:2 |    3270 |      82 |   2.4 |      18 |       1 |   5.3
     Lair:3 |    3290 |    4113 |  55.6 |      12 |      24 |  66.7
     Lair:4 |    4916 |    1129 |  18.7 |      19 |       6 |  24.0
     Lair:5 |     906 |    5336 |  85.5 |       8 |      34 |  81.0
     Lair:6 |    5549 |   11411 |  67.3 |      27 |      26 |  49.1
      Orc:1 |    2941 |    5050 |  63.2 |      28 |      17 |  37.8
            +---------+---------+-------+---------+---------+-------
